 Dungeon Crawl Stone Soup version 0.28-a0-1235-g7c8fac35f0 (webtiles) character file.

Game seed: 91765756321743364

2055 Gargoyl the Skirmisher (level 9, -5/74 HPs)
             Began as a Gnoll Abyssal Knight on Dec 25, 2021.
             Was an Elder of Lugonu.
             Slain by a two-headed ogre (21 damage)
             ... on level 6 of the Dungeon.
             The game lasted 00:07:25 (7789 turns).

Gargoyl the Skirmisher (Gnoll Abyssal Knight)       Turns: 7789, Time: 00:07:25

Health: -5/74      AC: 11    Str: 17    XL:     9   Next: 25%
Magic:  15/15      EV: 11    Int:  9    God:    Lugonu [****..]
Gold:   187        SH:  0    Dex: 13    Spells: 16/16 levels left

rFire   . . .      SeeInvis +   b - +0 scythe (venom)
rCold   . . .      Faith    .   (shield currently unavailable)
rNeg    . . .      Spirit   .   l - +0 scale mail
rPois   .          Reflect  .   j - +1 helmet
rElec   .          Harm     .   (no cloak)
rCorr   .          Rampage  .   v - +0 pair of gloves
Will    .....                   (no boots)
Stlth   +.........              (no amulet)
HPRegen 0.22/turn               d - +4 ring of slaying
MPRegen 0.14/turn               i - ring of see invisible

@: no status effects
A: fangs 1, strong nose, distributed training
a: Renounce Religion, Depart the Abyss, Bend Space, Banish, Corrupt


You were on level 6 of the Dungeon.
You worshipped Lugonu.
Lugonu was greatly pleased with you.
You visited 1 branch of the dungeon, and saw 7 of its levels.
You visited the Abyss 1 time.

You collected 349 gold pieces.
You spent 162 gold pieces at shops.

Inventory:

Hand Weapons
 a - a +1 hand axe
 b - a +0 scythe of venom (weapon)
Missiles
 m - 18 poisoned darts (quivered)
 p - a throwing net
Armour
 j - a +1 helmet (worn)
 l - a +0 scale mail (worn)
 v - a +0 pair of gloves (worn)
Jewellery
 d - a +4 ring of slaying (left hand)
 i - a ring of see invisible (right hand)
Wands
 q - a wand of iceblast (9)
Scrolls
 e - a scroll of fear
 s - 2 scrolls of teleportation
 u - a scroll of amnesia {unknown}
Potions
 c - a potion of mutation {unknown}
 f - 2 potions of heal wounds
 g - a potion of magic
 h - a potion of resistance
 k - 2 potions of curing
 n - a potion of flight
 o - 3 potions of brilliance
 r - a potion of berserk rage
 t - a potion of degeneration {unknown}


   Skills:
 + Level 7.8 Fighting
 + Level 4.0 Short Blades
 + Level 4.0 Long Blades
 + Level 6.2 Axes
 + Level 4.0 Maces & Flails
 + Level 4.0 Polearms
 + Level 4.0 Staves
 + Level 4.0 Slings
 + Level 4.0 Bows
 + Level 4.0 Crossbows
 + Level 4.0 Throwing
 + Level 6.2 Armour
 + Level 4.9 Dodging
 + Level 4.0 Stealth
 + Level 4.0 Shields
 + Level 4.0 Unarmed Combat
 + Level 4.0 Spellcasting
 + Level 3.3 Conjurations
 + Level 3.3 Hexes
 + Level 3.3 Summonings
 + Level 3.3 Necromancy
 + Level 3.3 Translocations
 + Level 3.3 Transmutations
 + Level 3.3 Fire Magic
 + Level 3.3 Ice Magic
 + Level 3.3 Air Magic
 + Level 3.3 Earth Magic
 + Level 3.3 Poison Magic
 + Level 6.5 Invocations
 + Level 4.0 Evocations


You had 16 spell levels left.
You didn't know any spells.
Your spell library contained the following spells:

 Spells                   Type           Power      Damage    Failure   Level
 Static Discharge         Conj/Air       7%         N/A       30%         2
 Conjure Flame            Conj/Fire      7%         6-21      52%         3
 Ignite Poison            Fire/Tmut/Pois 7%         N/A       52%         3
 Dispel Undead            Necr           7%         3d8       90%         4
 Sticky Flame             Conj/Fire      7%         2d3       90%         4


Dungeon Overview and Level Annotations

Branches:
Dungeon (7/15)             Temple (0/1) D:7

Altars:
Ashenzari
Gozag
Nemelex Xobeh
Sif Muna
Yredelemnul
Zin
The Shining One

Shops:
D:5 (

Annotations:
D:2 Sigmund


Innate Abilities, Weirdness & Mutations

You have very sharp teeth.
Your uncanny sense of smell can sniff out nearby items.
Your experience applies equally to all skills.


Message History

The two-headed ogre hits you with a +0 giant club!!
The wyvern skeleton bites you but does no damage.
You climb upwards.
There is a stone staircase leading down here.
You barely miss the two-headed ogre.
You bite the two-headed ogre, but do no damage.
The two-headed ogre barely misses you.
The two-headed ogre hits you with a +0 giant club.
You slash the two-headed ogre!
The two-headed ogre is poisoned.
The two-headed ogre is lightly wounded.
The two-headed ogre hits you with a +0 giant club!
The two-headed ogre barely misses you.
The two-headed ogre closely misses you. x2
You closely miss the two-headed ogre.
The two-headed ogre is lightly wounded.
The two-headed ogre hits you with a +0 giant club!
The two-headed ogre barely misses you.
You hit the two-headed ogre.
The two-headed ogre looks even sicker.
The two-headed ogre is moderately wounded.
The two-headed ogre barely misses you. The two-headed ogre closely misses you.
The two-headed ogre misses you.
The two-headed ogre hits you with a +0 giant club!
* * * LOW HITPOINT WARNING * * *
Things that are here:
25 stones; a +0 dagger
Items here: (( )))).
You see here a +0 club.
The two-headed ogre looks more healthy.
Throw: 19 darts (poison)
Press: ? - help, Q - select action, (/) - cycle Shift-Dir - straight line, f - two-headed ogre
Aim: a two-headed ogre, wielding two +0 giant clubs (heavily wounded, 79% to hit)
You throw a poisoned dart.
The poisoned dart hits the two-headed ogre.
The two-headed ogre is poisoned.
The two-headed ogre is heavily wounded.
There is a stone staircase leading down, spattered with blood here.
You hit the two-headed ogre.
The two-headed ogre looks even sicker.
You bite the two-headed ogre, but do no damage.
The two-headed ogre is heavily wounded.
The two-headed ogre hits you with a +0 giant club!!
You die...

#####.# #.[..##.#.###>.... #.#
##.....#.#.# #.##.# #.#
#.....[..#.###.##.#
#.##########.....###.........
#....)>)........## #..##.##.#
############...#####..##.##.#
#.....())...##.....
#..########.#####.# #.@# #.#
#.# #.O# #.# #.# #..########.#
#.# #...>..(....# #.#
#..########.# #.#
###########..########.#####.#
##...#......................)#
##.###..#####..########.#######
###.## ##.#####..# #.#


You could see a two-headed ogre (very poisoned).

Vanquished Creatures
  A water moccasin (D:7)
  2 ogres
  A sky beast (D:5)
  3 black bears
  A phantom (D:2)
  2 centaurs (D:6)
  2 kobold brigands
  3 scorpions (D:5)
  A water moccasin skeleton (D:5)
  2 centaur zombies
  A bullfrog zombie (D:5)
  A hound (D:5)
  2 bullfrog skeletons
  A centaur skeleton (D:7)
  2 orc priests
  5 iguanas
  An orc wizard (D:6)
  Natasha (thrice) (D:3)
  A hound skeleton (D:5)
  Robin (D:3)
  6 adders
  2 howler monkey skeletons
  A white imp (D:5)
  An adder skeleton (D:4)
  A worm (D:2)
  2 dart slugs (D:1)
  9 orcs
  10 ball pythons
  3 bats
  9 endoplasms
  3 giant cockroaches (D:1)
  14 hobgoblins
  6 jackals (D:2)
  20 kobolds
  3 quokkas
  5 frilled lizards
  10 goblins
  12 rats
153 creatures vanquished.

Vanquished Creatures (collateral kills)
  A centaur (D:7)
1 creature vanquished.

Vanquished Creatures (others)
  68 plants
  7 toadstools (D:7)
  8 withered plants (D:3)
83 creatures vanquished.

Grand Total: 237 creatures vanquished

Notes
Turn   | Place    | Note
-------+----------+-------------------------------------------
     0 | Abyss:1  | Gargoyl the Gnoll Abyssal Knight began the quest for the
                  | Orb.
     0 | Abyss:1  | Reached XP level 1. HP: 23/23 MP: 3/3
     5 | Abyss:1  | Found a corrupted altar of Lugonu.
   108 | Abyss:1  | Noticed a starcursed mass
   114 | D:1      | Escaped the Abyss
   194 | D:1      | Reached XP level 2. HP: 28/29 MP: 5/5
   284 | D:1      | Reached * piety under Lugonu
   439 | D:1      | Reached XP level 3. HP: 35/35 MP: 6/6
   924 | D:2      | Noticed a phantom
   942 | D:2      | Killed a phantom
   943 | D:2      | Reached skill level 1 in Short Blades
   943 | D:2      | Reached skill level 1 in Long Blades
   943 | D:2      | Reached skill level 1 in Maces & Flails
   943 | D:2      | Reached skill level 1 in Polearms
   943 | D:2      | Reached skill level 1 in Staves
   943 | D:2      | Reached skill level 1 in Slings
   943 | D:2      | Reached skill level 1 in Bows
   943 | D:2      | Reached skill level 1 in Crossbows
   943 | D:2      | Reached skill level 1 in Throwing
   943 | D:2      | Reached skill level 1 in Stealth
   943 | D:2      | Reached skill level 1 in Shields
   943 | D:2      | Reached skill level 1 in Unarmed Combat
   943 | D:2      | Reached skill level 1 in Spellcasting
   943 | D:2      | Reached skill level 1 in Conjurations
   943 | D:2      | Reached skill level 1 in Hexes
   943 | D:2      | Reached skill level 1 in Summonings
   943 | D:2      | Reached skill level 1 in Necromancy
   943 | D:2      | Reached skill level 1 in Translocations
   943 | D:2      | Reached skill level 1 in Transmutations
   943 | D:2      | Reached skill level 1 in Fire Magic
   943 | D:2      | Reached skill level 1 in Ice Magic
   943 | D:2      | Reached skill level 1 in Air Magic
   943 | D:2      | Reached skill level 1 in Earth Magic
   943 | D:2      | Reached skill level 1 in Poison Magic
   943 | D:2      | Reached skill level 1 in Evocations
   943 | D:2      | Reached XP level 4. HP: 9/41 MP: 7/7
   943 | D:2      | Reached XP level 5. HP: 11/47 MP: 8/8
  1226 | D:2      | Reached ** piety under Lugonu
  1476 | D:2      | Noticed Sigmund
  2270 | D:3      | Found a glowing silver altar of Zin.
  2343 | D:3      | Noticed Robin
  2352 | D:3      | Reached *** piety under Lugonu
  2357 | D:3      | Killed Robin
  2451 | D:3      | Noticed Natasha
  2466 | D:3      | Killed Natasha
  2467 | D:3      | Reached skill level 5 in Invocations
  2467 | D:3      | Reached XP level 6. HP: 53/53 MP: 9/9
  2572 | D:3      | Noticed Natasha
  2577 | D:3      | Killed Natasha
  2664 | D:3      | Noticed Natasha
  2674 | D:3      | Killed Natasha
  2852 | D:3      | Found a shimmering blue altar of Sif Muna.
  2872 | D:3      | Found a faded altar of an unknown god.
  2906 | D:3      | Reached skill level 5 in Axes
  2906 | D:3      | Reached skill level 5 in Armour
  3251 | D:4      | Found a basalt altar of Yredelemnul.
  3839 | D:4      | Found a sparkling altar of Nemelex Xobeh.
  3880 | D:5      | Entered Level 5 of the Dungeon
  3898 | D:5      | Reached XP level 7. HP: 55/59 MP: 10/10
  3902 | D:5      | Reached skill level 7 in Fighting
  4379 | D:5      | Found Ijoal's Antique Weapon Shoppe.
  4393 | D:5      | Bought a runed scythe for 162 gold pieces
  4595 | D:5      | Found an opulent altar of Gozag.
  4766 | D:5      | Reached XP level 8. HP: 37/67 MP: 12/12
  5353 | D:5      | Found a glowing golden altar of the Shining One.
  5974 | D:5      | Reached **** piety under Lugonu
  6491 | D:6      | Reached XP level 9. HP: 34/72 MP: 14/14
  6905 | D:7      | Found a staircase to the Ecumenical Temple.
  7040 | D:7      | Found a broken altar of Ashenzari.
  7433 | D:7      | Noticed a two-headed ogre
  7789 | D:6      | Slain by a two-headed ogre

Illustrated notes

Levels and vault maps discovered:
D:1:      dpeg_arrival_ratfight, layout_rooms, minmay_misc_feat_five,
          grunt_decor_junction, minmay_misc_feat_enclosed,
          kennysheep_crisscross, lexackson_kobold_supper
D:2:      layout_loops_ring, serial_bayou, serial_bayou_lagoon_b,
          serial_bayou_pond_c, serial_bayou_shore_a, serial_bayou_pond_c,
          uniq_sigmund
D:3:      layout_basic, nicolae_sif_muna_little_library,
          mainiacjoe_overflow_small_starburst,
          ebering_ecumenical_altar_petrified, uniq_natasha, uniq_robin
D:4:      layout_basic, lemuel_doored_altar, nemelex_dance_club_becter
D:5:      layout_cave_pools, mainiacjoe_overflow_surrounded_room,
          mainiacjoe_overflow_six_doors_small, serial_shops,
          nicolae_stop_n_shop_1, minmay_joined_circles
D:6:      layout_loops_ring
D:7:      cheibrodos_fertilizer, layout_cave_pools, ashenzari_altar_1,
          minmay_temple_entry_antechambers

Skill      XL: |  1  2  3  4  5  6  7  8  9 |
---------------+----------------------------+-----
Short Blades   | 1 2 3 4 |  4.0
Long Blades    | 1 2 3 4 |  4.0
Maces & Flails | 1 2 3 4 |  4.0
Polearms       | 1 2 3 4 |  4.0
Staves         | 1 2 3 4 |  4.0
Slings         | 1 2 3 4 |  4.0
Bows           | 1 2 3 4 |  4.0
Crossbows      | 1 2 3 4 |  4.0
Throwing       | 1 2 3 4 |  4.0
Stealth        | 1 2 3 4 |  4.0
Shields        | 1 2 3 4 |  4.0
Unarmed Combat | 1 2 3 4 |  4.0
Spellcasting   | 1 2 3 4 |  4.0
Conjurations   | 1 2 3 |  3.3
Hexes          | 1 2 3 |  3.3
Summonings     | 1 2 3 |  3.3
Necromancy     | 1 2 3 |  3.3
Translocations | 1 2 3 |  3.3
Transmutations | 1 2 3 |  3.3
Fire Magic     | 1 2 3 |  3.3
Ice Magic      | 1 2 3 |  3.3
Air Magic      | 1 2 3 |  3.3
Earth Magic    | 1 2 3 |  3.3
Poison Magic   | 1 2 3 |  3.3
Evocations     | 1 2 3 4 |  4.0
Dodging        | 3 4 |  4.9
Invocations    | 5 6 |  6.5
Axes           | 5 6 |  6.2
Armour         | 5 6 |  6.2
Fighting       | 7 |  7.8

Action                   |  1- 3 |  4- 6 |  7- 9 || total
-------------------------+-------+-------+-------++-------
Melee: Hand axe          |    55 |   166 |    18 ||   239
       Bite              |     5 |    12 |    24 ||    41
       Punch             |       |     2 |       ||     2
       Scythe            |       |       |   139 ||   139
Throw: Dart              |       |     2 |     7 ||     9
Invok: Depart the Abyss  |     1 |       |       ||     1
  Use: Scroll            |     1 |     9 |     6 ||    16
       Potion            |     2 |       |     1 ||     3
 Stab: Sleeping          |     1 |     4 |       ||     5
Armor: Leather armour    |    14 |    18 |       ||    32
       Scale mail        |       |    52 |   102 ||   154
Dodge: Dodged            |    29 |    96 |   137 ||   262

Table legend: (Time is in decaauts)
 A = Elapsed time spent in this place.
 B = Non-inter-level travel time spent in this place.
 C = Inter-level travel time spent in this place.
 D = Time resting spent in this place.
 E = Time spent auto-exploring this place.
 F = Levels seen in this place.
 G = Mean time per level.
                   A        B        C        D        E       F      G
               +--------+--------+--------+--------+--------+-----+--------+
         Total |   7969 |   7809 |    160 |    645 |   5630 |   8 |  996.1 |
       Dungeon |   7855 |   7695 |    160 |    645 |   5531 |   7 | 1122.1 |
         Abyss |    114 |    114 |      0 |      0 |     99 |   1 |  114.0 |
               +--------+--------+--------+--------+--------+-----+--------+

Top non-repeatable levels by time:
     D:6: 1720 daAuts
     D:5: 1338 daAuts
     D:2: 1270 daAuts
     D:4: 1123 daAuts
     D:3: 977 daAuts
     D:1: 776 daAuts
     D:7: 648 daAuts
 Abyss:1: 114 daAuts
